TOP OF THE 1ST |
Philadelphia Phillies batting - Pitching for Atlanta Braves : RHP Casey Jones
|
Pitching: RHP Casey Jones
|
|
Batting: LHB Jeff Luvisi
|
0-0: Ball 1-0: SINGLE (Line Drive, 7S, EV 110.0 MPH)
|
Batting: LHB Nick Canizales
|
0-0: Ball 1-0: Foul Ball, location: 2F 1-1: Ball 2-1: Ball 3-1: Base on Balls Jeff Luvisi to second
|
Batting: RHB Josh Froyd
|
0-0: Ball 1-0: SINGLE (Line Drive, 7S, EV 111.9 MPH) Jeff Luvisi to third Nick Canizales to second Throwing error, E7 Jeff Luvisi scores Nick Canizales to third Josh Froyd to second
|
Batting: LHB Eric Katz
|
0-0: Ball 1-0: Called Strike 1-1: Called Strike 1-2: Foul Ball, location: 2F 1-2: Ball 2-2: Ball 3-2: Ground out 4-3 (Groundball, 4, EV 96.9 MPH) Nick Canizales scores Josh Froyd to third
|
Batting: RHB Quintin Parker
|
0-0: Ball 1-0: Reached on error, E5 (Groundball, 56, EV 86.2 MPH) Josh Froyd scores
|
Batting: LHB Alberto Figueroa
|
0-0: Ball 1-0: Called Strike 1-1: Ball 2-1: Swinging Strike 2-2: Strikes out swinging
|
Batting: RHB Melchor Sovrivilla
|
0-0: Ball 1-0: Ball 2-0: Foul Ball, location: 2F 2-1: Fly out, F4 (Flyball, 34D, EV 85.0 MPH)
|
Top of the 1st over - 3 runs, 2 hits, 2 errors, 1 left on base; Philadelphia 3 - Atlanta 0 |
BOTTOM OF THE 1ST |
Atlanta Braves batting - Pitching for Philadelphia Phillies : RHP Robby Benchio
|
Pitching: RHP Robby Benchio
|
|
Batting: RHB Jeckel Hester
|
0-0: Fly out, F9 (Line Drive, 9D, EV 97.5 MPH)
|
Batting: RHB Liangde Li
|
0-0: TRIPLE (Groundball, 5L, EV 101.2 MPH)
|
Batting: RHB Butch Kaiser
|
0-0: Ball 1-0: Ball 2-0: Ball 3-0: Called Strike 3-1: Base on Balls
|
Batting: RHB Willie Cardamone
|
0-0: Called Strike 0-1: Ball 1-1: Foul Ball, location: 2F 1-2: 3-RUN HOME RUN (Flyball, 8RXD, EV 108.1 MPH), Distance : 423 ft
|
Batting: LHB Colin Worthington
|
0-0: Called Strike 0-1: Fly out, F8 (Line Drive, 8RM, EV 103.8 MPH)
|
Batting: LHB Xavier Pittman
|
0-0: Ball 1-0: Swinging Strike 1-1: Called Strike 1-2: Foul Ball, location: 2F 1-2: Ball 2-2: Foul Ball, location: 2F 2-2: Foul Ball, location: 2F 2-2: Strikes out swinging
|
Bottom of the 1st over - 3 runs, 2 hits, 0 errors, 0 left on base; Philadelphia 3 - Atlanta 3 |
TOP OF THE 2ND |
Philadelphia Phillies batting - Pitching for Atlanta Braves : RHP Casey Jones
|
Batting: RHB Chef Belew
|
0-0: Called Strike 0-1: Ball 1-1: Ground out 6-3 (Groundball, 56, EV 85.0 MPH)
|
Batting: RHB Matt Sanders
|
0-0: Ball 1-0: SINGLE (Groundball, 6M, EV 95.6 MPH)
|
Batting: LHB Jeff Luvisi
|
0-0: Ball 1-0: Foul Ball, location: 2F 1-1: Ball 2-1: Foul Ball, location: 2F 2-2: Foul Ball, location: 2F 2-2: Ball 3-2: SINGLE (Groundball, 4D, EV 110.0 MPH) Matt Sanders to second Runner from 2nd tries for 3rd, SAFE, no throw by RF
|
Batting: LHB Nick Canizales
|
0-0: Ball 1-0: Called Strike 1-1: Called Strike 1-2: Ball 2-2: Strikes out swinging
|
Batting: RHB Josh Froyd
|
0-0: Called Strike 0-1: DOUBLE (Line Drive, 3D, EV 96.9 MPH) Matt Sanders scores Jeff Luvisi to third
|
Batting: LHB Eric Katz
|
0-0: Called Strike 0-1: Swinging Strike 0-2: Ball 1-2: Foul Ball, location: 2F 1-2: Fly out, F5 (Flyball, 5D, EV 88.1 MPH)
|
Top of the 2nd over - 1 run, 3 hits, 0 errors, 2 left on base; Philadelphia 4 - Atlanta 3 |
BOTTOM OF THE 2ND |
Atlanta Braves batting - Pitching for Philadelphia Phillies : RHP Robby Benchio
|
Batting: RHB Ray Llewellyn
|
0-0: Swinging Strike 0-1: Ball 1-1: Ball 2-1: DOUBLE (Line Drive, 3D, EV 107.5 MPH)
|
Batting: RHB Tade Post
|
0-0: Ball 1-0: Sac Bunt to 13S - play at first, batter OUT! 1-3 Ray Llewellyn to third
|
Batting: RHB Garrison Feltham
|
0-0: Called Strike 0-1: Ball 1-1: Called Strike 1-2: Foul Ball, location: 2F 1-2: Foul Ball, location: 2F 1-2: Strikes out swinging
|
Batting: RHB Jeckel Hester
|
0-0: Ball 1-0: Ball 2-0: Ball 3-0: Called Strike 3-1: Foul Ball, location: 2F 3-2: Foul Ball, location: 2F 3-2: Ground out 5-3 (Groundball, 56, EV 89.4 MPH)
|
Bottom of the 2nd over - 0 runs, 1 hit, 0 errors, 1 left on base; Philadelphia 4 - Atlanta 3 |
TOP OF THE 3RD |
Philadelphia Phillies batting - Pitching for Atlanta Braves : RHP Casey Jones
|
Batting: RHB Quintin Parker
|
0-0: Ball 1-0: Fly out, F7 (Flyball, 78S, EV 82.5 MPH)
|
Batting: LHB Alberto Figueroa
|
0-0: Ground out 6-3 (Groundball, 6, EV 85.0 MPH)
|
Batting: RHB Melchor Sovrivilla
|
0-0: Called Strike 0-1: Ball 1-1: Foul Ball, location: 2F 1-2: Fly out, F8 (Flyball, 8RD, EV 83.8 MPH)
|
Top of the 3rd over - 0 runs, 0 hits, 0 errors, 0 left on base; Philadelphia 4 - Atlanta 3 |
BOTTOM OF THE 3RD |
Atlanta Braves batting - Pitching for Philadelphia Phillies : RHP Robby Benchio
|
Batting: RHB Liangde Li
|
0-0: Ball 1-0: Called Strike 1-1: Foul Ball, location: 2F 1-2: Ground out 6-3 (Groundball, 6, EV 85.6 MPH)
|
Batting: RHB Butch Kaiser
|
0-0: Ball 1-0: Ball 2-0: Called Strike 2-1: Ground out 4-3 (Groundball, 4MS, EV 82.5 MPH)
|
Batting: RHB Willie Cardamone
|
0-0: SINGLE (Flyball, 56D, EV 90.6 MPH)
|
Batting: LHB Colin Worthington
|
0-0: Ball Willie Cardamone steals 2nd base 1-0: Ball 2-0: Called Strike 2-1: Ball 3-1: Base on Balls
|
Batting: LHB Xavier Pittman
|
0-0: Ball 1-0: Fly out, F2 (Popup, 2LF, EV 85.0 MPH)
|
Bottom of the 3rd over - 0 runs, 1 hit, 0 errors, 2 left on base; Philadelphia 4 - Atlanta 3 |
TOP OF THE 4TH |
Philadelphia Phillies batting - Pitching for Atlanta Braves : RHP Casey Jones
|
Batting: RHB Chef Belew
|
0-0: Called Strike 0-1: DOUBLE (Line Drive, 9LS, EV 101.9 MPH)
|
Batting: RHB Matt Sanders
|
0-0: Ball 1-0: Ball 2-0: Called Strike 2-1: TRIPLE (Flyball, 9LD, EV 107.5 MPH) Chef Belew scores
|
Pitching: RHP Larry Stegall
|
|
Batting: LHB Jeff Luvisi
|
0-0: Called Strike 0-1: Ball 1-1: Foul Ball, location: 2F 1-2: Strikes out swinging
|
Batting: LHB Nick Canizales
|
0-0: SINGLE (Groundball, 6MD, EV 98.1 MPH) Matt Sanders scores
|
Batting: RHB Josh Froyd
|
0-0: Ball 1-0: Ball 2-0: Ball 3-0: Base on Balls Nick Canizales to second
|
Batting: LHB Eric Katz
|
0-0: Ball 1-0: DOUBLE (Line Drive, 7LM, EV 101.2 MPH) Nick Canizales scores Josh Froyd to third Runner from 3rd tries for Home, SAFE, throw by LF to home
|
Batting: RHB Quintin Parker
|
0-0: Called Strike 0-1: Ball 1-1: Ball 2-1: Ball 3-1: Foul Ball, location: 2F 3-2: Base on Balls
|
Batting: LHB Alberto Figueroa
|
0-0: Swinging Strike 0-1: Ball 1-1: Ball 2-1: Ball 3-1: Called Strike 3-2: Strikes out swinging
|
Batting: RHB Melchor Sovrivilla
|
0-0: Ball 1-0: Ball 2-0: Called Strike 2-1: Ball 3-1: Base on Balls Eric Katz to third Quintin Parker to second
|
Batting: RHB Chef Belew
|
0-0: Fly out, F7 (Flyball, 7LM, EV 89.4 MPH)
|
Top of the 4th over - 4 runs, 4 hits, 0 errors, 3 left on base; Philadelphia 8 - Atlanta 3 |
BOTTOM OF THE 4TH |
Atlanta Braves batting - Pitching for Philadelphia Phillies : RHP Robby Benchio
|
Batting: RHB Ray Llewellyn
|
0-0: Ball 1-0: Swinging Strike 1-1: Ball 2-1: Ball 3-1: Base on Balls
|
Batting: RHB Tade Post
|
0-0: Ball 1-0: Called Strike 1-1: Foul Ball, location: 2F 1-2: Foul Ball, location: 2F 1-2: Grounds into double play, 4-6-3 (Groundball, 34, EV 104.4 MPH)
|
Batting: RHB Garrison Feltham
|
0-0: Called Strike 0-1: Foul Ball, location: 2F 0-2: Ball 1-2: Ball 2-2: Strikes out swinging
|
Bottom of the 4th over - 0 runs, 0 hits, 0 errors, 0 left on base; Philadelphia 8 - Atlanta 3 |
TOP OF THE 5TH |
Philadelphia Phillies batting - Pitching for Atlanta Braves : RHP Larry Stegall
|
Batting: RHB Matt Sanders
|
0-0: Called Strike 0-1: Called Strike 0-2: Ball 1-2: Strikes out swinging
|
Batting: LHB Jeff Luvisi
|
0-0: Called Strike 0-1: Foul Ball, location: 2F 0-2: Strikes out looking
|
Batting: LHB Nick Canizales
|
0-0: Foul Ball, location: 2F 0-1: Ball 1-1: Ball 2-1: Ball 3-1: Fly out, F5 (Popup, 5SF, EV 75.0 MPH)
|
Top of the 5th over - 0 runs, 0 hits, 0 errors, 0 left on base; Philadelphia 8 - Atlanta 3 |
BOTTOM OF THE 5TH |
Atlanta Braves batting - Pitching for Philadelphia Phillies : RHP Robby Benchio
|
Batting: RHB Jeckel Hester
|
0-0: Called Strike 0-1: Swinging Strike 0-2: Ball 1-2: Ground out 6-3 (Groundball, 6, EV 82.5 MPH)
|
Batting: RHB Liangde Li
|
0-0: Called Strike 0-1: Foul Ball, location: 2F 0-2: Ball 1-2: Ball 2-2: Ground out 6-3 (Groundball, 6, EV 86.9 MPH)
|
Batting: RHB Butch Kaiser
|
0-0: Ball 1-0: Ball 2-0: Foul Ball, location: 2F 2-1: SINGLE (Line Drive, 9S, EV 90.6 MPH)
|
Batting: RHB Willie Cardamone
|
0-0: Called Strike 0-1: Foul Ball, location: 2F 0-2: Ball 1-2: Strikes out swinging
|
Bottom of the 5th over - 0 runs, 1 hit, 0 errors, 1 left on base; Philadelphia 8 - Atlanta 3 |
TOP OF THE 6TH |
Philadelphia Phillies batting - Pitching for Atlanta Braves : RHP Larry Stegall
|
Batting: RHB Josh Froyd
|
0-0: Ground out 6-3 (Groundball, 6, EV 108.8 MPH)
|
Batting: LHB Eric Katz
|
0-0: Ball 1-0: Foul Ball, location: 2F 1-1: Called Strike 1-2: Strikes out swinging
|
Batting: RHB Quintin Parker
|
0-0: Ground out 6-3 (Groundball, 6, EV 90.0 MPH)
|
Top of the 6th over - 0 runs, 0 hits, 0 errors, 0 left on base; Philadelphia 8 - Atlanta 3 |
BOTTOM OF THE 6TH |
Atlanta Braves batting - Pitching for Philadelphia Phillies : RHP Robby Benchio
|
Batting: LHB Colin Worthington
|
0-0: Ball 1-0: SINGLE (Groundball, 56S, EV 74.4 MPH) (infield hit)
|
Batting: LHB Xavier Pittman
|
0-0: Ball 1-0: Called Strike 1-1: Ball 2-1: Ball 3-1: Base on Balls Colin Worthington to second
|
Pitching: RHP Devon Blakeney
|
|
Batting: RHB Ray Llewellyn
|
0-0: Called Strike 0-1: Ball 1-1: Grounds into double play, 5-4-3 (Groundball, 56S, EV 89.4 MPH) Colin Worthington to third
|
Batting: RHB Tade Post
|
0-0: Called Strike 0-1: Ground out U3 (Groundball, 23, EV 80.6 MPH)
|
Bottom of the 6th over - 0 runs, 1 hit, 0 errors, 1 left on base; Philadelphia 8 - Atlanta 3 |
TOP OF THE 7TH |
Philadelphia Phillies batting - Pitching for Atlanta Braves : RHP Larry Stegall
|
Batting: LHB Alberto Figueroa
|
0-0: Foul Ball, location: 2F 0-1: Foul Ball, location: 2F 0-2: Ball 1-2: Foul Ball, location: 2F 1-2: Ground out 4-3 (Groundball, 4, EV 87.5 MPH)
|
Batting: RHB Melchor Sovrivilla
|
0-0: Ball 1-0: Hit by Pitch
|
Pitching: RHP Marcos Tejeda
|
|
Batting: RHB Chef Belew
|
0-0: Called Strike 0-1: Swinging Strike 0-2: Ball 1-2: Ball 2-2: Fly out, F8 (Flyball, 8RXD, EV 85.6 MPH)
|
Batting: RHB Matt Sanders
|
0-0: Fielders Choice at 2nd, 6-4 (Groundball, 6, EV 90.0 MPH)
|
Top of the 7th over - 0 runs, 0 hits, 0 errors, 1 left on base; Philadelphia 8 - Atlanta 3 |
BOTTOM OF THE 7TH |
Atlanta Braves batting - Pitching for Philadelphia Phillies : RHP Devon Blakeney
|
Batting: RHB Garrison Feltham
|
0-0: Foul Ball, location: 2F 0-1: Ball 1-1: Called Strike 1-2: Strikes out swinging
|
Batting: RHB Jeckel Hester
|
0-0: Ball 1-0: Called Strike 1-1: Ball 2-1: Ball 3-1: Called Strike 3-2: Foul Ball, location: 2F 3-2: Base on Balls
|
Batting: RHB Liangde Li
|
0-0: Fielders Choice at 2nd, 3-6 (Groundball, 3, EV 101.9 MPH)
|
Batting: RHB Butch Kaiser
|
0-0: Called Strike 0-1: Ball Liangde Li steals 2nd base (no throw) 1-1: Swinging Strike 1-2: Foul Ball, location: 2F 1-2: Ball 2-2: Fly out, F7 (Flyball, 7LS, EV 83.1 MPH)
|
Bottom of the 7th over - 0 runs, 0 hits, 0 errors, 1 left on base; Philadelphia 8 - Atlanta 3 |
TOP OF THE 8TH |
Philadelphia Phillies batting - Pitching for Atlanta Braves : RHP Marcos Tejeda
|
Batting: LHB Jeff Luvisi
|
0-0: Called Strike 0-1: Called Strike 0-2: Ball 1-2: Ball 2-2: Ball 3-2: Ground out 3-1 (Groundball, 34S, EV 88.8 MPH)
|
Batting: LHB Nick Canizales
|
0-0: Ball 1-0: Fly out, F7 (Flyball, 7, EV 75.6 MPH)
|
Batting: RHB Josh Froyd
|
0-0: Ball 1-0: Foul Ball, location: 2F 1-1: Called Strike 1-2: SINGLE (Groundball, 4D, EV 95.0 MPH)
|
Batting: LHB Eric Katz
|
0-0: Ball Josh Froyd steals 2nd base 1-0: Swinging Strike 1-1: Ball 2-1: Foul Ball, location: 2F 2-2: Ball 3-2: Ground out 6-3 (Groundball, 6, EV 86.9 MPH)
|
Top of the 8th over - 0 runs, 1 hit, 0 errors, 1 left on base; Philadelphia 8 - Atlanta 3 |
BOTTOM OF THE 8TH |
Atlanta Braves batting - Pitching for Philadelphia Phillies : RHP Devon Blakeney
|
Batting: RHB Willie Cardamone
|
0-0: Fly out, F9 (Flyball, 89M, EV 90.0 MPH)
|
Batting: LHB Colin Worthington
|
0-0: Called Strike 0-1: Foul Ball, location: 2F 0-2: Ball 1-2: Ball 2-2: Fly out, F9 (Flyball, 89S, EV 80.6 MPH)
|
Batting: LHB Xavier Pittman
|
0-0: Ball 1-0: Called Strike 1-1: SINGLE (Groundball, 34S, EV 63.1 MPH) (infield hit)
|
Pitching: RHP Brandon Tuckson
|
|
Batting: RHB Ray Llewellyn
|
0-0: Ball 1-0: SINGLE (Groundball, 6MD, EV 97.5 MPH) Xavier Pittman to second
|
Batting: RHB Tade Post
|
0-0: Ball 1-0: Ball 2-0: Called Strike 2-1: DOUBLE (Flyball, 89D, EV 97.5 MPH) Xavier Pittman scores Ray Llewellyn to third Runner from 3rd tries for Home, SAFE, throw by RF to home
|
Batting: RHB Garrison Feltham
|
0-0: Called Strike 0-1: Called Strike 0-2: Foul Ball, location: 2F 0-2: SINGLE (Line Drive, 56D, EV 93.8 MPH) Tade Post to third Runner from 3rd tries for Home, SAFE, throw by LF to home
|
Batting: RHB Jeckel Hester
|
0-0: Called Strike 0-1: Ball 1-1: Called Strike 1-2: Ball 2-2: Strikes out swinging
|
Bottom of the 8th over - 3 runs, 4 hits, 0 errors, 1 left on base; Philadelphia 8 - Atlanta 6 |
TOP OF THE 9TH |
Philadelphia Phillies batting - Pitching for Atlanta Braves : RHP Marcos Tejeda
|
Pinch Hitting: LHB Ryan Trombley
|
0-0: Foul Ball, location: 2F 0-1: Ball 1-1: Foul Ball, location: 2F 1-2: Strikes out looking
|
Batting: LHB Alberto Figueroa
|
0-0: Ball 1-0: Ball 2-0: Called Strike 2-1: Ball 3-1: SINGLE (Groundball, 4MS, EV 71.9 MPH) (infield hit)
|
Batting: RHB Melchor Sovrivilla
|
0-0: Ball Alberto Figueroa steals 2nd base (no throw) 1-0: Called Strike 1-1: Foul Ball, location: 2F 1-2: Ball 2-2: Foul Ball, location: 2F 2-2: Ball 3-2: Foul Ball, location: 2F 3-2: Strikes out swinging
|
Batting: RHB Chef Belew
|
0-0: Ball 1-0: Ground out 5-3 (Groundball, 56, EV 81.2 MPH)
|
Top of the 9th over - 0 runs, 1 hit, 0 errors, 1 left on base; Philadelphia 8 - Atlanta 6 |
BOTTOM OF THE 9TH |
Atlanta Braves batting - Pitching for Philadelphia Phillies : RHP Brandon Tuckson
|
Pitching: RHP Justin Howard
|
|
Now at 1B: Raul de la Cruz
|
|
Batting: RHB Liangde Li
|
0-0: Foul Ball, location: 2F 0-1: Foul Ball, location: 2F 0-2: SINGLE (Groundball, 6MD, EV 96.2 MPH)
|
Batting: RHB Butch Kaiser
|
0-0: Ball 1-0: Foul Ball, location: 2F 1-1: Foul Ball, location: 2F 1-2: Ball 2-2: Grounds into double play, 6-4-3 (Groundball, 6, EV 89.4 MPH)
|
Batting: RHB Willie Cardamone
|
0-0: Called Strike 0-1: Ball 1-1: Ball 2-1: SOLO HOME RUN (Flyball, 78XD, EV 109.4 MPH), Distance : 408 ft
|
Batting: LHB Colin Worthington
|
0-0: Ball 1-0: Ball 2-0: Called Strike 2-1: Called Strike 2-2: Strikes out looking
|
Bottom of the 9th over - 1 run, 2 hits, 0 errors, 0 left on base; Philadelphia 8 - Atlanta 7 |
|